 Dungeon Crawl Stone Soup version 0.28.0 (webtiles) character file.

Game seed: 2373651751614159094

49 Crownlay the Bolt Thrower (level 4, 0/27 HPs)
             Began as a Kobold Hunter on Feb 12, 2022.
             Slain by a kobold (6 damage)
             ... on level 2 of the Dungeon.
             The game lasted 00:01:53 (2070 turns).

Crownlay the Bolt Thrower (Kobold Hunter)           Turns: 2070, Time: 00:01:53

Health: 0/27       AC:  3    Str:  9    XL:     4   Next: 2%
Magic:  4/4        EV: 14    Int: 12    God:
Gold:   56         SH:  0    Dex: 17    Spells: 3/3 levels left

rFire   . . .      SeeInvis .   b - +0 short sword
rCold   . . .      Faith    .   (no shield)
rNeg    . . .      Spirit   .   c - +0 leather armour
rPois   .          Reflect  .   (no helmet)
rElec   .          Harm     .   (no cloak)
rCorr   .          Rampage  .   (no gloves)
Will    .....                   (no boots)
Stlth   +++.......              (no amulet)
HPRegen 0.09/turn               (no ring)
MPRegen 0.09/turn               (no ring)

@: no status effects
A: small, no large weapons, nightstalker 3
a: no special abilities


You were on level 2 of the Dungeon.
You visited 1 branch of the dungeon, and saw 2 of its levels.

You collected 56 gold pieces.

Inventory:

Hand Weapons
 a - a +1 hand crossbow
 b - a +0 short sword (weapon)
Missiles
 d - 19 bolts
Armour
 c - a +0 leather armour (worn)
Scrolls
 f - a scroll of amnesia {unknown}
 g - a scroll of teleportation {unknown}
 i - a scroll of magic mapping {unknown}
 j - a scroll of fear {unknown}
Potions
 e - a potion of haste {unknown}
 h - a potion of might {unknown}
 k - a potion of resistance {unknown}


   Skills:
 + Level 2.4 Fighting
 * Level 5.4 Crossbows
 + Level 2.6 Dodging
 * Level 3.8 Stealth


You had 3 spell levels left.
You didn't know any spells.
Your spell library was empty.

Dungeon Overview and Level Annotations

Branches:
Dungeon (2/15)

Altars:


Innate Abilities, Weirdness & Mutations

You are small and have problems with some larger weapons.
You are completely attuned to the shadows.


Message History

You hit the kobold but do no damage. The kobold barely misses you.
You hit the kobold but do no damage. Your punch misses the kobold.
The kobold barely misses you.
You barely miss the kobold. The kobold barely misses you.
The kobold hits you with a +1 short sword of protection.
You closely miss the kobold. The kobold barely misses you.
You hit the kobold but do no damage.
The kobold hits you with a +1 short sword of protection.
You barely miss the kobold. The kobold barely misses you.
You closely miss the kobold. The kobold closely misses you.
You hit the kobold but do no damage. The kobold closely misses you.
You hit the kobold but do no damage. The kobold misses you.
You closely miss the kobold. The kobold barely misses you.
You hit the kobold but do no damage.
The kobold hits you with a +1 short sword of protection.
You hit the kobold but do no damage. The kobold hits you but does no damage.
You hit the kobold.
The kobold is severely wounded.
The kobold misses you.
The kobold hits you with a +1 short sword of protection.
You hit the kobold but do no damage.
The kobold is severely wounded.
The kobold closely misses you.
You barely miss the kobold.
The kobold is severely wounded.
The kobold closely misses you.
You hit the kobold but do no damage. Your punch misses the kobold.
The kobold is severely wounded.
The kobold barely misses you.
You completely miss the kobold.
The kobold is severely wounded.
The kobold hits you but does no damage.
You barely miss the kobold.
The kobold is severely wounded.
The kobold hits you with a +1 short sword of protection.
* * * LOW HITPOINT WARNING * * *
You hit the kobold but do no damage.
The kobold is severely wounded.
The kobold hits you with a +1 short sword of protection.
You die...

.................'.........'.....
##########รท...####.........####..
# #.#.## ##.......## ##. #.###
##.....## ## #.# ##...## # #.####
##'## # #....# #.# # ####.#####
#.##### #.....@K# ##.....# .
#.#.###.###...##.#.# # #.#.#
.##.....#.#.# # # #.#
.###...##.#.#### #.
.......##.#..... .####........###
#.###.#.## # #.....#.####
#.#####.....


You could see a kobold.

Vanquished Creatures
  An adder (D:2)
  A worm (D:2)
  A dart slug (D:1)
  6 ball pythons
  2 endoplasms
  3 giant cockroaches
  A hobgoblin (D:1)
  3 jackals (D:2)
  2 quokkas
  3 bats (D:1)
  2 frilled lizards
  3 goblins (D:1)
  4 kobolds (D:1)
  3 rats
35 creatures vanquished.

Notes
Turn   | Place    | Note
-------+----------+-------------------------------------------
     0 | D:1      | Crownlay the Kobold Hunter began the quest for the Orb.
     0 | D:1      | Reached XP level 1. HP: 12/12 MP: 1/1
   129 | D:1      | Reached skill level 5 in Crossbows
   129 | D:1      | Reached XP level 2. HP: 4/17 MP: 2/2
   997 | D:1      | Reached XP level 3. HP: 21/21 MP: 3/3
  1742 | D:2      | Reached XP level 4. HP: 11/27 MP: 4/4
  2070 | D:2      | Slain by a kobold

Illustrated notes

Levels and vault maps discovered:
D:1:      saegor_arrival_simple_b, layout_basic
D:2:      layout_loops_corners, shapermc_ecumenical_altar_flowoftime,
          minmay_puff, uniq_jessica

Skill      XL: |  1  2 |
---------------+-------+-----
Stealth        | 2 3 |  3.8
Crossbows      | 5 |  5.4
Fighting       | |  2.4
Dodging        | |  2.6

Action                   |  1- 3 |  4- 6 || total
-------------------------+-------+-------++-------
Melee: Short sword       |   109 |    23 ||   132
 Fire: Hand crossbow     |     9 |       ||     9
 Stab: Sleeping          |    15 |       ||    15
Armor: Leather armour    |    27 |     4 ||    31
Dodge: Dodged            |    83 |    14 ||    97
